 Dungeon Crawl Stone Soup version 0.27.0-1-g7a089689b8 (webtiles) character file.

Game seed: 6768599978259010207

587 seveneves the Shield-Bearer (level 7, -2/61 HPs)
             Began as a Minotaur Fighter on Aug 2, 2021.
             Was a Priest of Zin.
             Slain by an iguana (3 damage)
             ... on level 4 of the Dungeon.
             The game lasted 00:08:34 (2673 turns).

seveneves the Shield-Bearer (Minotaur Fighter)      Turns: 2673, Time: 00:08:35

Health: -2/61      AC:  7    Str: 23    XL:     7   Next: 15%
Magic:  6/6        EV:  8    Int: 10    God:    Zin [***...]
Gold:   214        SH: 10    Dex:  9    Spells: 6/6 levels left

rFire    x . .     SeeInvis .   o - +7 mace of the Egg {flame, rF- Int+5}
rCold    . . .     Faith    .   c - +0 kite shield
rNeg     . . .     Spirit   .   b - +0 scale mail
rPois    .         Reflect  .   (helmet unavailable)
rElec    .         Harm     .   (no cloak)
rCorr    .         Rampage  .   (no gloves)
Will     .....                  (no boots)
Stlth    ..........             (no amulet)
HPRegen  0.20/turn              (no ring)
MPRegen  0.10/turn              (no ring)

@: mighty, unable to read
A: horns 3, retaliatory headbutt, inability to read while threatened, noise
suppression
a: Renounce Religion, Recite, Vitalisation, Imprison, Donate Gold


You were on level 4 of the Dungeon.
You worshipped Zin.
Zin was most pleased with you.
You visited 1 branch of the dungeon, and saw 4 of its levels.

You collected 237 gold pieces.
You donated 23 gold pieces to Zin.

Inventory:

Hand Weapons
 a - a +0 long sword
 o - the +7 mace of the Egg (weapon) {flame, rF- Int+5}
   (You found it on level 4 of the Dungeon)

   It burns those it strikes, dealing additional fire damage.
   Int:       It affects your intelligence (+5).
   rF:        It makes you vulnerable to fire.
Armour
 b - a +0 scale mail (worn)
 c - a +0 kite shield (worn)
Scrolls
 e - a scroll of summoning {unknown}
 f - a scroll of immolation {unknown}
 g - 2 scrolls of identify {unknown}
 h - 2 scrolls of teleportation {unknown}
 n - a scroll of blinking {unknown}
 q - a scroll of enchant armour {unknown}
Potions
 i - a potion of ambrosia {unknown}
 j - a potion of curing {unknown}
 k - 2 potions of heal wounds {unknown}
 l - a potion of attraction {unknown}
 m - a potion of flight {unknown}
 p - a potion of lignification {unknown}


   Skills:
 + Level 5.2 Fighting
 + Level 5.5 Long Blades
 + Level 0.8 Maces & Flails
 + Level 5.5 Armour
 + Level 1.5 Dodging
 + Level 0.6 Stealth
 + Level 5.7 Shields


You had 6 spell levels left.
You didn't know any spells.
Your spell library contained the following spells:

 Spells                   Type           Power      Damage    Failure   Level
 Animate Skeleton         Necr           0%         N/A       96%         1
 Pain                     Necr           0%         1d4       96%         1
 Slow                     Hex            0%         N/A       99%         2
 Call Canine Familiar     Summ           0%         N/A       100%        3
 Confusing Touch          Hex            0%         N/A       100%        3
 Portal Projectile        Hex/Tloc       0%         N/A       100%        3
 Vampiric Draining        Necr           0%         2d6       100%        3
 Leda's Liquefaction      Hex/Erth       0%         N/A       100%        4
 Chain Lightning          Conj/Air       0%         N/A       100%        9
 Fire Storm               Conj/Fire      0%         5d1       100%        9


Dungeon Overview and Level Annotations

Branches:
Dungeon (4/15)
 Temple: D:4-7

Altars:
Hepliaklqana
Qazlal
Zin

Shops:
D:1 !


Innate Abilities, Weirdness & Mutations

You have a pair of large horns on your head.
You reflexively headbutt those who attack you in melee.
You sometimes lose the ability to read scrolls when taking damage.
You passively dampen the noise of your surroundings.


Message History

You have reached level 7!
You pay a tithe of 1 gold.
You can now call upon Zin to imprison the lawless.
You now have 214 gold pieces (gained 9).
A goblin comes into view. It is wielding a +0 club.
The goblin shouts!
You are too injured to fight recklessly!
The goblin hits you but does no damage.
Your scale mail prevents you from hitting the goblin.
Your headbutt misses the goblin. You block the goblin's attack.
The goblin barely misses you. You furiously retaliate!
You headbutt the goblin!
You kill the goblin!
Things that are here:
a +0 club; a goblin corpse
Found a stone staircase leading down.
An iguana comes into view.
The iguana hisses angrily.
You hear a shout!
Blork the orc comes into view.
He is wielding a +0 war axe and carrying a wand of polymorph (5).
You are too injured to fight recklessly!
You are too injured to fight recklessly!
Blork the orc zaps a wand.
You resist with some effort. The iguana bites you.
You feel threatened and lose the ability to read scrolls!
You hit Blork the orc. You burn Blork the orc.
Blork the orc is moderately wounded.
Blork the orc casts a spell.
Blork the orc seems to speed up.
The iguana bites you.
* * * LOW HITPOINT WARNING * * *
You bludgeon Blork the orc!! You burn Blork the orc!
You kill Blork the orc!
The iguana bites you!
* * * LOW HITPOINT WARNING * * *
You block the iguana's attack.
You barely miss the iguana. You headbutt the iguana!
The iguana is almost dead.
The iguana bites you.
* * * LOW HITPOINT WARNING * * *
Your shield prevents you from hitting the iguana.
The iguana is almost dead.
The iguana bites you.
You die...

.#8....8#.#.##.#######
.##8..8##.#..........#
..######....##.#####.#
# ..............)#
###.#.#
.#####...#####.##......
.# #.## #.#...#.# # ..
#.......# ..#
#.......## ## .#
##.@.....# . #)l..##.#
#. #.......... ..
.......#.>.. #
..#..#..#..#.
####..#... .# #.
#....... # .. #.# ..#..
##


You could see an iguana.

Vanquished Creatures
  Menkaure (D:4)
  A centaur (D:4)
  A phantom (D:4)
  Blork the orc (D:4)
  A howler monkey (D:4)
  A hound (D:3)
  A hound skeleton (D:2)
  9 adders
  A worm (D:2)
  3 dart slugs
  An orc (D:4)
  7 endoplasms
  4 giant cockroaches
  9 goblins
  4 hobgoblins
  11 jackals (D:4)
  11 ball pythons
  3 bats (D:1)
  4 frilled lizards
  10 kobolds
  4 rats
  A spectral hobgoblin (D:3)
89 creatures vanquished.

Notes
Turn   | Place    | Note
-------+----------+-------------------------------------------
     0 | D:1      | seveneves the Minotaur Fighter began the quest for the Orb.
     0 | D:1      | Reached XP level 1. HP: 19/19 MP: 0/0
   293 | D:1      | Reached XP level 2. HP: 25/27 MP: 1/1
   299 | D:1      | Found Sesiqybb's Distillery.
   363 | D:1      | Found a hazy altar of Hepliaklqana.
   539 | D:1      | Reached XP level 3. HP: 33/33 MP: 2/2
   846 | D:2      | Gained mutation: You have a pair of large horns on your
                  | head. [potion of mutation]
   846 | D:2      | Gained mutation: You sometimes lose the ability to read
                  | scrolls when taking damage. [potion of mutation]
   846 | D:2      | Gained mutation: You passively dampen the noise of your
                  | surroundings. [potion of mutation]
   974 | D:2      | Reached XP level 4. HP: 38/40 MP: 3/3
  1373 | D:3      | Found a glowing silver altar of Zin.
  1423 | D:3      | Became a worshipper of Zin the Law-Giver
  1457 | D:3      | Found a stormy altar of Qazlal.
  1524 | D:3      | Reached * piety under Zin
  1902 | D:3      | Reached XP level 5. HP: 43/47 MP: 4/4
  2033 | D:3      | Found a faded altar of an unknown god.
  2263 | D:3      | Reached ** piety under Zin
  2414 | D:4      | Noticed a phantom
  2417 | D:4      | Killed a phantom
  2464 | D:4      | Found a large runed translucent door.
  2464 | D:4      | Found a large runed translucent door.
  2493 | D:4      | Noticed a centaur
  2510 | D:4      | Reached skill level 1 in Dodging
  2510 | D:4      | Killed a centaur
  2511 | D:4      | Reached skill level 5 in Long Blades
  2511 | D:4      | Reached skill level 5 in Armour
  2511 | D:4      | Reached skill level 5 in Shields
  2511 | D:4      | Reached XP level 6. HP: 44/55 MP: 5/5
  2512 | D:4      | Found a large runed translucent door.
  2512 | D:4      | Found a large runed translucent door.
  2525 | D:4      | Identified the +7 mace of the Egg {flame, rF- Int+5}
  2616 | D:4      | Noticed Menkaure
  2621 | D:4      | Reached skill level 5 in Fighting
  2623 | D:4      | Killed Menkaure
  2624 | D:4      | Reached XP level 7. HP: 17/61 MP: 6/6
  2629 | D:4      | Reached *** piety under Zin
  2667 | D:4      | Noticed Blork the orc
  2671 | D:4      | Killed Blork the orc
  2672 | D:4      | HP: 1/61 [iguana (6)]
  2673 | D:4      | Slain by an iguana

Illustrated notes

Levels and vault maps discovered:
D:1:      dpeg_arrival_concentric_ovals, layout_basic, serial_shops, shop,
          kennysheep_flooded_box
D:2:      layout_basic
D:3:      layout_loops_corners, mainiacjoe_overflow_24_doors,
          overflow_temple_1_default, dreamdust_ecumenical_altar_drowned_temple
D:4:      layout_loops_cross, minmay_hollow_rounded_squares, uniq_blork_the_orc,
          uniq_menkaure

Skill      XL: |  1  2  3  4  5  6 |
---------------+-------------------+-----
Shields        | 4 5 |  5.7
Fighting       | 4 5 |  5.2
Long Blades    | 3 4 5 |  5.5
Armour         | 4 5 |  5.5
Dodging        | 1 |  1.5
Maces & Flails | |  0.8
Stealth        | |  0.6

Action                   |  1- 3 |  4- 6 |  7- 9 || total
-------------------------+-------+-------+-------++-------
Melee: Long sword        |    78 |   103 |       ||   181
       Headbutt          |    15 |    15 |     1 ||    31
       Mace              |       |     8 |     5 ||    13
  Use: Potion            |     1 |     1 |       ||     2
       Scroll            |     1 |       |       ||     1
Armor: Scale mail        |    46 |    67 |     1 ||   114
Dodge: Dodged            |    26 |    63 |     1 ||    90
Block: Kite shield       |    33 |    67 |     2 ||   102
       Rpst.: Long sword |    11 |     8 |       ||    19
